Map: Jagannatha LE

Players

SKillous - Winner!

  • Race: Protoss Protoss
  • League: Grandmaster

Geralt (Gerald)

  • Race: Protoss Protoss
  • League: Grandmaster

Event: DreamHack SC2 Masters 2021 Summer

VOD

Have the link to the VOD?

Description

Time

  • Played on: May 25, 2021, 1:38 p.m.
  • Length: 10:47

All games in this series

Show
View Real Time Build Order
Export as new Build Order

SKillous Protoss - Winner!

Build Orders: Zealot Archon 

Get SALT Encoding   

  12  0:00  Probe  
  13  0:12  Probe  
  14  0:17  Pylon  
  14  0:24  Probe (Chrono Boost)  
  15  0:36  Probe (Chrono Boost)  
  15  0:38  Gateway  
  16  0:45  Probe (Chrono Boost)  
  16  0:46  Assimilator  
  17  0:51  Probe  
  17  0:55  Assimilator  
  18  1:03  Probe (Chrono Boost)  
  19  1:09  Gateway  
  19  1:13  Probe (Chrono Boost)  
  20  1:18  Probe  
  21  1:26  Cybernetics Core  
  21  1:31  Probe  
  22  1:37  Pylon  
  22  1:43  Probe  
  23  1:56  Probe  
  24  2:03  Stalker x2  
  24  2:06  Warp Gate  
  24  2:08  Probe  
  29  2:14  Pylon  
  29  2:20  Probe  
  30  2:36  Probe  
  35  2:39  Sentry x2  
  35  2:51  Nexus  
  36  3:00  Pylon  
  36  3:02  Probe  
  36  3:06  Shield Battery  
  35  3:15  Probe  
  35  3:16  Pylon  
  36  3:24  Shield Battery  
  37  3:27  Probe  
  37  3:28  Twilight Council  
  37  3:38  Shield Battery  
  37  3:39  Probe  
  38  3:47  Forge  
  38  3:51  Probe  
  38  3:54  Stalker x2  
  43  4:03  Probe (Chrono Boost), Blink (Chrono Boost)  
  43  4:04  Probe (Chrono Boost)  
  45  4:13  Shield Battery  
  46  4:17  Probe (Chrono Boost)  
  46  4:19  Protoss Ground Weapons Level 1 (Chrono Boost)  
  46  4:21  Probe (Chrono Boost)  
  46  4:23  Probe (Chrono Boost)  
  47  4:25  Stalker  
  47  4:31  Stalker  
  52  4:34  Probe  
  52  4:35  Probe  
  54  4:43  Robotics Facility  
  54  4:46  Probe  
  54  4:48  Probe  
  54  4:52  Assimilator  
  56  4:58  Probe  
  57  5:06  Nexus  
  57  5:10  Probe  
  57  5:11  Pylon  
  58  5:17  Stalker x2  
  58  5:21  Pylon  
  62  5:28  Gateway  
  62  5:31  Observer (Chrono Boost)  
  62  5:33  Probe x2  
  60  5:45  Probe x2  
  60  5:48  Stalker  
  64  5:57  Probe, Photon Cannon  
  64  5:58  Observer  
  64  6:04  Stalker  
  68  6:11  Stalker  
  68  6:15  Gateway  
  68  6:16  Pylon  
  70  6:20  Gateway  
  70  6:23  Probe, Protoss Ground Weapons Level 2 (Chrono Boost)  
  72  6:25  Probe  
  72  6:32  Probe  
  71  6:45  Probe x2 (Chrono Boost)  
  71  6:46  Probe (Chrono Boost)  
  74  6:49  Charge  
  74  6:51  Gateway  
  74  6:53  Gateway  
  76  6:56  Probe (Chrono Boost)  
  76  6:57  Probe x2 (Chrono Boost)  
  74  7:02  Probe  
  74  7:06  Probe x2  
  77  7:08  Templar Archives  
  77  7:10  Gateway  
  77  7:11  Observer  
  77  7:14  Probe  
  78  7:17  Zealot x3  
  78  7:18  Probe  
  78  7:20  Probe  
  86  7:29  Shield Battery  
  84  7:30  Pylon  
  83  7:39  Probe x2  
  85  7:46  Gateway  
  85  7:47  High Templar x2, Zealot  
  85  7:48  Zealot x3  
  97  7:51  Archon  
  97  7:52  Gateway  
  97  7:56  Photon Cannon  
  97  8:02  Zealot  
  99  8:11  Stalker x2  
  101  8:15  Pylon x2  
  101  8:16  Pylon x2  
  101  8:18  Pylon  
  101  8:33  High Templar  
  101  8:34  High Templar, Zealot x6  
  105  8:36  Warp Prism (Chrono Boost)  
  105  8:38  Archon  
  119  8:42  Pylon  
  119  9:00  High Templar  
  119  9:01  Zealot x7  
  127  9:11  High Templar  
  127  9:12  Zealot  
  127  9:15  Nexus  
  129  9:17  Archon, Pylon  
  129  9:21  Zealot x3  
  135  9:25  Observer  
  135  9:27  Zealot x2  
  135  9:30  Zealot  
  141  9:37  Pylon  
  141  9:42  Zealot x4  
  141  9:44  Observer  
  133  9:48  Zealot x3  
  115  9:57  Zealot x3  
  115  10:03  Zealot x3  
  115  10:10  Zealot x2  
  115  10:11  Observer  
  107  10:19  Zealot x3  
  107  10:20  Zealot  
  89  10:29  Zealot x4  
  89  10:30  Zealot  
  91  10:36  Zealot  
  91  10:44  Zealot x4  
Show
View Real Time Build Order
Export as new Build Order

Geralt Protoss 

Build Orders: Blink Stalkers, Dark Templar Rush 

Get SALT Encoding   

  12  0:00  Probe  
  13  0:12  Probe  
  14  0:17  Pylon  
  14  0:24  Probe (Chrono Boost)  
  16  0:37  Probe (Chrono Boost)  
  16  0:38  Gateway  
  16  0:43  Probe (Chrono Boost)  
  16  0:47  Assimilator  
  17  0:51  Probe  
  17  0:55  Assimilator  
  18  1:03  Probe (Chrono Boost)  
  19  1:12  Probe (Chrono Boost)  
  19  1:14  Gateway  
  19  1:17  Probe (Chrono Boost)  
  21  1:29  Cybernetics Core  
  21  1:32  Probe  
  22  1:40  Pylon  
  22  1:44  Probe  
  23  1:58  Probe  
  24  2:03  Warp Gate (Chrono Boost)  
  24  2:05  Adept x2  
  24  2:08  Pylon  
  28  2:10  Probe  
  29  2:23  Probe  
  29  2:26  Pylon  
  30  2:35  Probe  
  30  2:36  Stalker x2  
  35  2:47  Probe  
  35  2:51  Pylon  
  36  3:01  Probe  
  37  3:05  Twilight Council  
  37  3:12  Pylon  
  38  3:24  Nexus  
  38  3:25  Probe (Chrono Boost)  
  38  3:35  Forge  
  38  3:38  Probe (Chrono Boost)  
  39  3:46  Dark Shrine  
  39  3:49  Probe  
  40  3:57  Blink  
  40  4:01  Probe  
  41  4:10  Protoss Ground Weapons Level 1  
  41  4:13  Probe (Chrono Boost)  
  42  4:25  Probe (Chrono Boost)  
  42  4:30  Assimilator  
  43  4:33  Robotics Facility  
  43  4:34  Probe (Chrono Boost)  
  43  4:38  Probe (Chrono Boost)  
  45  4:45  Probe (Chrono Boost)  
  46  4:48  Probe (Chrono Boost)  
  47  4:53  Probe (Chrono Boost)  
  47  4:59  Dark Templar x2  
  50  5:01  Probe  
  50  5:05  Probe  
  50  5:06  Shield Battery  
  52  5:09  Gateway  
  52  5:11  Gateway  
  52  5:13  Probe  
  51  5:32  Probe  
  52  5:38  Probe, Immortal (Chrono Boost)  
  52  5:39  Nexus  
  57  5:45  Stalker  
  59  5:51  Probe  
  59  5:54  Stalker  
  60  5:57  Probe  
  60  5:58  Pylon  
  61  6:04  Stalker  
  64  6:11  Observer, Gateway x2  
  64  6:14  Pylon  
  64  6:15  Sentry x2  
  64  6:17  Probe  
  69  6:19  Probe  
  69  6:22  Pylon  
  70  6:28  Stalker x2  
  74  6:40  Stalker x2  
  74  6:43  Warp Prism (Chrono Boost)  
  80  6:52  Probe x2  
  82  6:59  Stalker  
  82  7:00  Stalker  
  82  7:01  Probe  
  87  7:04  Probe x2  
  89  7:12  Stalker x2  
  89  7:13  Probe  
  92  7:16  Observer  
  92  7:19  Stalker  
  92  7:20  Pylon  
  93  7:23  Pylon  
  93  7:32  Stalker  
  95  7:42  Stalker x3  
  95  7:43  Probe x3  
  104  7:46  Assimilator  
  104  7:55  Probe  
  104  7:57  Gateway  
  105  7:58  Gateway  
  105  8:02  Dark Templar  
  105  8:03  Adept x2  
  111  8:10  Archon, Stalker  
  111  8:11  Zealot x2  
  111  8:12  Probe  
  116  8:18  Pylon  
  116  8:19  Pylon  
  114  8:24  Charge (Chrono Boost)  
  114  8:40  Gateway  
  114  8:41  Gateway, Nexus  
  112  8:50  Pylon  
  112  8:53  Zealot  
  112  8:54  Zealot x4  
  122  8:59  Zealot x2  
  120  9:05  Zealot  
  119  9:11  Probe x2 (Chrono Boost)  
  119  9:14  Probe (Chrono Boost)  
  121  9:22  Dark Templar  
  121  9:23  Probe (Chrono Boost), Dark Templar x2  
  129  9:28  Archon  
  129  9:31  Dark Templar  
  130  9:32  Zealot x3  
  130  9:35  Archon  
  136  9:39  Pylon  
  136  9:45  Zealot x3  
  100  9:56  Zealot x5  
  101  10:07  Zealot x3  
  101  10:11  Zealot x2  
  85  10:14  Zealot  
  85  10:16  Probe x2  
  85  10:20  Zealot  
  79  10:24  Zealot  
  79  10:25  Zealot  
  79  10:26  Probe  
  70  10:31  Zealot x2  
  70  10:34  Zealot  
  61  10:40  Zealot x2  
Tags
 
Add a new tag
Caveats
  • Supply blocks, unpowered buildings, or Contaminate may cause inaccurate times.
  • Supply counts are checked every 10 seconds.